 Dungeon Crawl Stone Soup version 0.30.1-11-g7821555f0a (webtiles) character file.

Game seed: 3660437050466246998

293 safid the Chiller (level 6, 0/48 HPs)
             Began as a Merfolk Ice Elementalist on Nov 13, 2023.
             Slain by a mummy (14 damage)
             ... in an ossuary.
             The game lasted 00:04:16 (3424 turns).

safid the Chiller (Merfolk Ice Elementalist)        Turns: 3424, Time: 00:04:16

Health: 0/48       AC:  2    Str:  9    XL:     6   Next: 33%
Magic:  11/11      EV: 12    Int: 16    God:
Gold:   214        SH:  0    Dex: 14    Spells: 5/12 levels left

rFire   . . .        i - +2 whip (freeze)
rCold   . . .        (no shield)
rNeg    . . .        a - +0 robe
rPois   .            (no helmet)
rElec   .            (no cloak)
rCorr   .            (no gloves)
SInv    .            (no boots)
Will    .....        (no amulet)
Stlth   ++           (no ring)
HPRegen 0.28/turn    (no ring)
MPRegen 0.12/turn

%: no passive effects
@: no status effects
A: (nimble swimmer 2), mertail
a: no special abilities


You were in an ossuary.
You visited 1 branch of the dungeon, and saw 4 of its levels.
You also visited: Ossuary.

You collected 214 gold pieces.

Inventory:

Hand Weapons
 i - a +2 whip of freezing (weapon)
Missiles
 c - a throwing net
Armour
 a - a +0 robe (worn)
Scrolls
 d - 2 scrolls of magic mapping {unknown}
 f - a scroll of identify {unknown}
 g - a scroll of immolation {unknown}
 j - 2 scrolls of vulnerability {unknown}
 m - 3 scrolls of teleportation {unknown}
 o - a scroll of silence {unknown}
Potions
 b - a potion of magic
 e - a potion of mutation {unknown}
 h - 3 potions of lignification {unknown}
 k - 3 potions of curing {unknown}
 l - a potion of flight {unknown}
 n - a potion of might {unknown}


   Skills:
 + Level 3.6 Fighting
 - Level 2.6 Dodging
 - Level 2.1 Stealth
 + Level 3.7 Spellcasting
 + Level 5.9 Ice Magic


You had 5 spell levels left.
You knew the following spells:

 Your Spells              Type           Power      Damage    Failure   Level
a - Freeze                Ice            84%        1d9       1%          1
b - Frozen Ramparts       Ice            42%        1d7       4%          3
c - Ozocubu's Armour      Ice            21%        N/A       4%          3

Your spell library contained the following spells:

 Spells                   Type           Power      Damage    Failure   Level
 Summon Small Mammal      Summ           8%         N/A       17%         1
 Call Canine Familiar     Summ           2%         N/A       45%         3
 Summon Guardian Golem    Hex/Summ       2%         N/A       45%         3
 Summon Ice Beast         Ice/Summ       12%        N/A       45%         4


Dungeon Overview and Level Annotations

Branches:
Dungeon (4/15)            Ossuary (1/1)
 Temple: D:4-7

Altars:

Shops:
D:4 *

Annotations:
D:3 3 runed translucent doors, KittyFluff's ghost, amateur GrBe


Innate Abilities, Weirdness & Mutations

((You are very nimble when in or above water. (Stealth+, EV+, Speed+++)))
Your lower body shifts to a powerful aquatic tail in water.


Message History

You hit the mummy. You freeze the mummy.
The mummy is almost destroyed.
The mummy hits you!
* * * LOW HITPOINT WARNING * * *
You hit the mummy.
You destroy the mummy!
Your icy armour cracks and falls away as you move.
You start resting.
Magic restored.
You start resting.
HP restored.
You hit the mummy but do no damage. The mummy hits you!
You barely miss the mummy. The mummy hits you.
You hit the mummy.
The mummy is lightly damaged.
You hit the mummy but do no damage.
The mummy is lightly damaged.
The mummy hits you.
You hit the mummy. You freeze the mummy.
The mummy is moderately damaged.
The mummy hits you but does no damage.
You hit the mummy.
The mummy is heavily damaged.
You hit the mummy.
The mummy is heavily damaged.
The mummy hits you!
You hit the mummy but do no damage.
The mummy is heavily damaged.
The mummy barely misses you.
You barely miss the mummy.
The mummy is heavily damaged.
You hit the mummy.
The mummy is heavily damaged.
The mummy hits you!
* * * LOW HITPOINT WARNING * * *
Unknown command.
You hit the mummy.
The mummy is almost destroyed.
The mummy hits you!
You die...

..............
.............
..........Z
#........
#...... #....#
#....# #...M#
#...@# #....#
#....# #....#
#....# #.∩∩.#
######


You could see a mummy.

Vanquished Creatures
  A scorpion (D:4)
  Jessica (D:2)
  An orc wizard (D:4)
  3 mummies (Ossuary)
  6 adders
  A worm (D:2)
  2 dart slugs
  7 orcs
  7 bats
  7 endoplasms
  A gnoll zombie (Ossuary)
  10 hobgoblins
  A jackal (D:2)
  2 quokkas
  8 ball pythons
  A frilled lizard (D:2)
  6 goblins
  5 hobgoblin zombies (Ossuary)
  7 kobolds
  2 orc zombies (Ossuary)
  7 rats
86 creatures vanquished.

Vanquished Creatures (others)
  A ghoul (D:1)
  A draconian (D:1)
  An octopode (D:1)
  A troll (D:1)
  A merfolk (D:1)
  A formicid (D:1)
  A human (D:1)
  2 nagas (D:1)
  2 demigods (D:1)
  2 felids (D:1)
  A gnoll (D:1)
  An orc (D:1)
  4 tentacles (D:1)
19 creatures vanquished.

Grand Total: 105 creatures vanquished

Notes
Turn   | Place    | Note
-------+----------+-------------------------------------------
     0 | D:1      | safid the Merfolk Ice Elementalist began the quest for the
                  | Orb.
     0 | D:1      | Reached XP level 1. HP: 13/13 MP: 3/3
     2 | D:1      | Noticed a merfolk
     2 | D:1      | Noticed an octopode
     2 | D:1      | Noticed a draconian
     2 | D:1      | Noticed a troll
     2 | D:1      | Noticed a demigod
     2 | D:1      | Noticed a demigod
     2 | D:1      | Noticed a formicid
     2 | D:1      | Noticed a kraken
     2 | D:1      | Noticed a felid
     2 | D:1      | Noticed a felid
     2 | D:1      | Noticed a naga
     2 | D:1      | Noticed a naga
     2 | D:1      | Noticed a ghoul
     2 | D:1      | Noticed a human
     3 | D:1      | Killed a naga
     3 | D:1      | Killed a naga
     8 | D:1      | Killed a felid
     8 | D:1      | Killed a felid
     9 | D:1      | Killed a ghoul
    10 | D:1      | Killed a merfolk
    12 | D:1      | Killed a demigod
    14 | D:1      | Killed a formicid
    14 | D:1      | Killed a draconian
    14 | D:1      | Killed a human
    14 | D:1      | Killed a troll
    14 | D:1      | Killed an octopode
    15 | D:1      | Killed a demigod
   174 | D:1      | Reached XP level 2. HP: 20/20 MP: 5/5
   318 | D:1      | Reached skill level 1 in Fighting
   466 | D:1      | Found a faded altar of an unknown god.
   655 | D:1      | Reached XP level 3. HP: 23/26 MP: 6/6
   659 | D:1      | Learned a level 3 spell: Frozen Ramparts
  1096 | D:2      | Learned a level 3 spell: Ozocubu's Armour
  1849 | D:2      | Reached skill level 5 in Ice Magic
  1871 | D:2      | Reached XP level 4. HP: 33/33 MP: 8/8
  1910 | D:2      | Noticed Jessica
  1935 | D:2      | Killed Jessica
  2270 | D:3      | Reached XP level 5. HP: 23/39 MP: 9/9
  2666 | D:3      | Found a runed translucent gate.
  2666 | D:3      | Found a runed translucent gate.
  2666 | D:3      | Found a runed translucent gate.
  2667 | D:3      | Noticed KittyFluff's ghost (amateur GrBe)
  2667 | D:3      | Noticed a kobold brigand
  2855 | D:4      | Reached XP level 6. HP: 18/47 MP: 1/11
  2871 | D:4      | Found Yrearubb's Mass Market.
  3022 | D:4      | Found a sand-covered staircase.
  3028 | Ossuary  | Entered an ossuary
  3424 | Ossuary  | Slain by a mummy

Illustrated notes

Levels and vault maps discovered:
D:1:      nicolae_arrival_kraken_aquarium_b, layout_loops_ring,
          shapermc_ecumenical_altar_hornbeckon
D:2:      layout_basic, serial_bayou_pond_c, minmay_misc_feat_diagonals,
          hangedman_feature_mirror, uniq_jessica
D:3:      layout_rooms, gammafunk_ghost_nasty_kobolds, item_on_display_a
D:4:      layout_loops_corners, nicolae_ossuary_entry_plus, minmay_shop_mass,
          minmay_joined_circles
Ossuary:  ossuary_tomb_3

Skill      XL: |  1  2  3  4  5 |
---------------+----------------+-----
Fighting       | 1 2 3 |  3.6
Ice Magic      | 5 |  5.9
Spellcasting   | 3 |  3.7
Dodging        | |  2.6
Stealth        | |  2.1

Action                     |  1- 3 |  4- 6 || total
---------------------------+-------+-------++-------
  Melee: Dagger            |    57 |       ||    57
         Whip              |    51 |   159 ||   210
         Punch             |       |     2 ||     2
   Cast: Freeze            |    12 |       ||    12
         Frozen Ramparts   |       |     2 ||     2
         Ozocubu's Armour  |       |     4 ||     4
   Stab: Sleeping          |     4 |     2 ||     6
 Armour: Robe              |    19 |    34 ||    53
  Dodge: Dodged            |    72 |    83 ||   155
